 Dungeon Crawl Stone Soup version 0.18-a0-1773-gec4f98e (webtiles) character file.

32 Moloch the Magician (level 3, -1/19 HPs)
             Began as a Deep Elf Fire Elementalist on Apr 14, 2016.
             Slain by Ijyb
             ... wielding a +4 club
              (8 damage)
             ... on level 2 of the Dungeon.
             The game lasted 00:03:06 (826 turns).

Moloch the Magician (Deep Elf Fire Elementalist)     Turns: 826, Time: 00:03:06

Health: -1/19      AC:  2    Str:  5    XL:     3   Next: 8%
Magic:  0/10       EV: 13    Int: 20    God:
Gold:   58         SH:  0    Dex: 15    Spells: 2 memorised, 6 levels left

rFire  . . .     SeeInvis .     n - +0 hunting sling
rCold  . . .     Gourm    .     a - +0 robe
rNeg   . . .     Faith    .     (no shield)
rPois  .         Spirit   .     (no helmet)
rElec  .         Dismiss  .     (no cloak)
rCorr  .         Reflect  .     (no gloves)
SustAt .         Harm     .     (no boots)
MR     +....                    (no amulet)
Stlth  ++........               i - ring of protection from magic
                                d - ring of wizardry

@: somewhat resistant to hostile enchantments, unstealthy
A: no striking features
a: no special abilities


You were on level 2 of the Dungeon.
You were not hungry.

You visited 1 branch of the dungeon, and saw 2 of its levels.

You collected 58 gold pieces.

Inventory:

Hand Weapons
 n - a +0 hunting sling (weapon)
Missiles
 o - 20 stones (quivered)
Armour
 a - a +0 robe (worn)
 g - a +0 buckler
Jewellery
 d - a ring of wizardry (left hand)
 i - a ring of protection from magic (right hand)
Scrolls
 h - 2 scrolls of fear {unknown}
 k - 2 scrolls of teleportation {unknown}
 l - a scroll of random uselessness {unknown}
 m - a scroll of amnesia {unknown}
Potions
 e - a potion of degeneration {unknown}
Books
 b - a book of Flames

   Spells                             Type                      Level
   a - Flame Tongue                   Conjuration/Fire             1
   b - Throw Flame                    Conjuration/Fire             2
   c - Conjure Flame                  Conjuration/Fire             3
   d - Inner Flame                    Hexes/Fire                   3
   e - Sticky Flame                   Conjuration/Fire             4
   f - Fireball                       Conjuration/Fire             5
Comestibles
 c - a bread ration
 f - a beef jerky
 j - 2 chunks of flesh


   Skills:
 - Level 2.4 Dodging
 - Level 2.4 Stealth
 * Level 4.2 Spellcasting
 * Level 1.5 Conjurations
 + Level 3.7 Fire Magic


You had 6 spell levels left.
You knew the following spells:

 Your Spells              Type           Power        Failure   Level  Hunger
a - Flame Tongue          Conj/Fire      ##...        1%          1    None
b - Conjure Flame         Conj/Fire      ##......     6%          3    ###....


Dungeon Overview and Level Annotations

Branches:
Dungeon (2/15)

Altars:

Annotations:
D:2 Ijyb


Message History

Aim: Ijyb, wielding an enchanted club and wearing a leather armour (almost dead)
The flame tongue hits Ijyb.
Ijyb is almost dead.
Ijyb barely misses you.
Casting: Flame Tongue
Confirm with . or Enter, or press ? or * to list all spells.
Aiming: Flame Tongue
Press: ? - help, Shift-Dir - straight line, f/p - Ijyb
Aim: Ijyb, wielding an enchanted club and wearing a leather armour (almost dead)
The flame tongue misses Ijyb.
Ijyb misses you.
Casting: Flame Tongue
Confirm with . or Enter, or press ? or * to list all spells.
Aiming: Flame Tongue
Press: ? - help, Shift-Dir - straight line, f/p - Ijyb
Aim: Ijyb, wielding an enchanted club and wearing a leather armour (almost dead)
The flame tongue hits Ijyb.
Ijyb is almost dead.
Ijyb screams, "I no like you!" Ijyb hits you with an enchanted club!
You die...

........# .......
........# .......
..#'######..........
....................
.##.##############..
.................#.###
.##.############.#(#..
.##.# #.#.#.# ###.#
#@#.#.# #.# #g#.#.#
#.# #.#.#.# #.#
#...(.# #. ###.###
#... #####


You could see Ijyb.

Vanquished Creatures
  An ooze (D:1)
  2 dart slugs (D:1)
  3 bats (D:1)
  A giant cockroach (D:1)
  3 goblins (D:1)
  3 hobgoblins (D:1)
  3 jackals (D:1)
  3 kobolds
  A ball python (D:1)
  A rat (D:1)
21 creatures vanquished.

Notes
Turn   | Place    | Note
--------------------------------------------------------------
     0 | D:1      | Moloch the Deep Elf Fire Elementalist began the quest for the Orb.
     0 | D:1      | Reached XP level 1. HP: 10/10 MP: 6/6
   128 | D:1      | Reached XP level 2. HP: 15/15 MP: 2/8
   298 | D:1      | Reached skill level 4 in Spellcasting
   550 | D:1      | Reached XP level 3. HP: 19/19 MP: 6/10
   666 | D:1      | Learned a level 3 spell: Conjure Flame
   805 | D:2      | Noticed Ijyb
   826 | D:2      | Slain by Ijyb

Vault maps used:
D:1:      dpeg_arrival_boxorama
D:2:      cheibriados_altar_1, overflow_temple_1_default, uniq_iyjb

Skill      XL: |  1  2 |
---------------+-------+-----
Spellcasting   | 4 |  4.2
Dodging        | |  2.4
Stealth        | |  2.4
Conjurations   | |  1.5
Fire Magic     | |  3.7

Action                   || total
-------------------------++-------
Melee: Unarmed           ||     1
 Cast: Flame Tongue      ||    50
Armor: Robe              ||     7
Dodge: Dodged            ||    18
